 Dungeon Crawl Stone Soup version 0.26.1-11-gd32895ea62 (webtiles) character file.

Game seed: 18359190317579449243

153 nothank2 the Conjurer (level 5, -1/28 HPs)
             Began as a Tengu Conjurer on June 15, 2021.
             Slain by an orc
             ... wielding a +0 short sword
              (5 damage)
             ... on level 3 of the Dungeon.
             The game lasted 00:05:32 (2280 turns).

nothank2 the Conjurer (Tengu Conjurer)              Turns: 2280, Time: 00:05:32

Health: -1/28      AC:  2    Str:  8    XL:     5   Next: 35%
Magic:  7/10       EV: 12    Int: 19    God:
Gold:   65         SH:  0    Dex: 12    Spells: 3/10 levels left

rFire    . . .     SeeInvis .   i - +1 spear
rCold    . . .     Faith    .   (no shield)
rNeg     . . .     Spirit   .   a - +0 robe
rPois    .         Reflect  .   (helmet restricted)
rElec    .         Harm     .   (no cloak)
rCorr    .         Rampage  .   (no gloves)
Will     .....                  (boots unavailable)
Stlth    ++........             (no amulet)
HPRegen  0.09/turn              (no ring)
MPRegen  0.12/turn              (no ring)

@: no status effects
A: beak, talons 3, able to fly
a: Fly


You were on level 3 of the Dungeon.
You visited 1 branch of the dungeon, and saw 3 of its levels.

You collected 65 gold pieces.

Inventory:

Hand Weapons
 d - a +0 club
 h - a +0 short sword
 i - a +1 spear (weapon)
Armour
 a - a +0 robe (worn)
Scrolls
 j - 3 scrolls of identify
 l - a scroll of amnesia
 m - 2 scrolls of remove curse
 n - a scroll of enchant armour {unknown}
 o - a scroll of magic mapping {unknown}
Potions
 b - a potion of degeneration {unknown}
 c - a potion of might {unknown}
 g - a potion of curing {unknown}
 k - a potion of haste


   Skills:
 - Level 2.2 Dodging
 - Level 2.0 Stealth
 + Level 3.0 Spellcasting
 + Level 7.8 Conjurations


You had 3 spell levels left.
You knew the following spells:

 Your Spells              Type           Power        Failure   Level
a - Magic Dart            Conj           100%         1%          1
b - Searing Ray           Conj           64%          1%          2
c - Fulminant Prism       Conj/Hex       8%           30%         4

Your spell library contained the following spells:

 Spells                   Type           Power        Failure   Level
 Dazzling Flash           Conj/Hex       34%          10%         3
 Iskenderun's Mystic Bla  Conj/Tloc      17%          30%         4


Dungeon Overview and Level Annotations

Branches:
Dungeon (3/15)

Altars:


Innate Abilities, Weirdness & Mutations

You have a beak for a mouth.
You have claws for feet.
You can fly continuously.


Message History

You bump into the rock wall.
You're too confused to cast spells.
You're too confused to cast spells.
You bump into the rock wall.
An orc comes into view. It is wielding a +0 club.
You bump into the rock wall.
The orc shouts!
The orc wizard gestures at itself while chanting.
The orc wizard flickers and vanishes!
Deactivating autopickup; reactivate with Ctrl-A.
The orc closely misses you.
You hit the orc. You claw the orc.
The orc is severely wounded.
An orc comes into view. It is wielding a +0 club.
The orc hits you with a +0 short sword.
* * * LOW HITPOINT WARNING * * *
You bump into the rock wall.
You feel less confused. The orc hits you with a +0 short sword.
You die...

####### #.....#
+.....+ ##
#.....##### ..
###........
#####o###.###....
.....o.o@........
#..##.###.#......
#............
>...†..........
###............
#............
#.###+#+###+# #.
##+#.###.# #
##........#


You could see 3 orcs.

Vanquished Creatures
  A bullfrog (D:3)
  An orc wizard (D:3)
  A worm (D:2)
  4 dart slugs
  2 leopard geckos
  3 orcs (D:3)
  A giant cockroach (D:1)
  4 hobgoblins
  A quokka (D:3)
  2 ball pythons (D:3)
  5 bats
  3 frilled lizards
  4 goblins
  7 kobolds
  5 rats
44 creatures vanquished.

Notes
Turn   | Place    | Note
-------+----------+-------------------------------------------
     0 | D:1      | nothank2 the Tengu Conjurer began the quest for the Orb.
     0 | D:1      | Reached XP level 1. HP: 10/10 MP: 4/4
   358 | D:1      | Reached XP level 2. HP: 15/15 MP: 4/6
   631 | D:1      | Learned a level 2 spell: Searing Ray
   723 | D:1      | Reached skill level 6 in Conjurations
   993 | D:2      | Reached XP level 3. HP: 19/19 MP: 4/7
  1328 | D:2      | Found a faded altar of an unknown god.
  1798 | D:3      | Noticed a bullfrog
  1802 | D:3      | Killed a bullfrog
  1803 | D:3      | Reached skill level 7 in Conjurations
  1803 | D:3      | Reached XP level 4. HP: 24/24 MP: 2/9
  2031 | D:3      | Gained mutation: You can fly continuously. [Tengu growth]
  2031 | D:3      | Reached XP level 5. HP: 28/28 MP: 7/10
  2041 | D:3      | Learned a level 4 spell: Fulminant Prism
  2280 | D:3      | Slain by an orc

Illustrated notes

Levels and vault maps discovered:
D:1:      mrwooster_arrival_statue_3, layout_loops_ring
D:2:      layout_basic, chequers_ecumenical_altar_twisty, minmay_tromino_v4_c
D:3:      layout_basic

Skill      XL: |  1  2  3  4  5 |
---------------+----------------+-----
Conjurations   | 6 7 |  7.8
Spellcasting   | 3 |  3.0
Dodging        | |  2.2
Stealth        | |  2.0

Action                   |  1- 3 |  4- 6 || total
-------------------------+-------+-------++-------
Melee: Spear             |     1 |     9 ||    10
       Kick              |       |     3 ||     3
       Peck              |       |     1 ||     1
 Cast: Magic Dart        |    63 |    26 ||    89
       Searing Ray       |     1 |       ||     1
  Use: Scroll            |       |     6 ||     6
Dodge: Dodged            |     5 |     3 ||     8
